 Dungeon Crawl Stone Soup version 0.22-a0-812-g4c1e2d5471 (webtiles) character file.

48 Mirvelgyr the Covered (level 3, -1/34 HPs)
             Began as a Deep Dwarf Fighter on July 23, 2018.
             Succumbed to Robin's poison
             ... on level 2 of the Dungeon.
             The game lasted 00:02:29 (1229 turns).

Mirvelgyr the Covered (Deep Dwarf Fighter)          Turns: 1229, Time: 00:02:29

Health: -1/34      AC:  7    Str: 19    XL:     3   Next: 50%
Magic:  3/3        EV:  7    Int:  9    God:
Gold:   132        SH:  9    Dex: 12    Spells: 2/2 levels left

rFire    . . .     SeeInvis .   a - +0 war axe
rCold    . . .     Gourm    .   c - +0 shield
rNeg     . . .     Faith    .   b - +0 scale mail
rPois    .         Spirit   .   (no helmet)
rElec    .         Reflect  .   (no cloak)
rCorr    .         Harm     .   (no gloves)
MR       .....                  (no boots)
Stlth    ..........             (no amulet)
HPRegen  0.00/turn              (no ring)
MPRegen  0.08/turn              (no ring)

@: lethally poisoned (-1 -> -12), non-regenerating
A: damage resistance, heal wounds, sense surroundings 1, no regeneration
a: Heal Wounds


You were on level 2 of the Dungeon.
You were not hungry.

You visited 1 branch of the dungeon, and saw 2 of its levels.

You collected 132 gold pieces.

Inventory:

Hand Weapons
 a - a +0 war axe (weapon)
Armour
 b - a +0 scale mail (worn)
 c - a +0 shield (worn)
Jewellery
 m - a +3 ring of intelligence {unknown}
Scrolls
 e - a scroll of remove curse {unknown}
 h - a scroll of noise {unknown}
 i - 2 scrolls of identify {unknown}
 k - 2 scrolls of amnesia {unknown}
 l - a scroll of blinking {unknown}
Potions
 d - 2 potions of might
 g - a potion of flight {unknown}
Comestibles
 f - 2 rations
 j - a chunk of flesh


   Skills:
 + Level 3.0 Fighting
 * Level 3.2 Axes
 + Level 3.7 Armour
 + Level 3.6 Shields


You had 2 spell levels left.
You didn't know any spells.
Your spell library was empty.

Dungeon Overview and Level Annotations

Branches:
Dungeon (2/15)

Altars:

Annotations:
D:2 Robin


Innate Abilities, Weirdness & Mutations

You are resistant to damage.
You can heal yourself by infusing magical energy.
You passively map a small area around you.
You do not regenerate.


Message History

Robin is heavily wounded.
You feel very sick. Robin hits you but does no damage.
You closely miss Robin.
Robin is heavily wounded.
* * * LOW HITPOINT WARNING * * *
You feel very sick. You block Robin's attack. Robin closely misses you.
You hit Robin but do no damage.
Robin is heavily wounded.
* * * LOW HITPOINT WARNING * * *
You feel very sick. You block Robin's attack.
You fail to use your ability.
* * * LOW HITPOINT WARNING * * *
You feel sick. Robin hits you but does no damage.
You are more poisoned.
You barely miss Robin.
Robin is heavily wounded.
You die...

* , , ..# ,, * *
#.# , #.#* , ###
#.# * * #.. ... ,
, #.# #.# ** * #
*#.# #g# *
#.##.###@# * *
#......))# ,,,
####.##### ##..#
**,,, *
##########...####
, ,
................+,
, ,
.##.######...####
,, .##.# #..## , ,
.##.# * #.## ,


You could see Robin.

Vanquished Creatures
  An adder (D:2)
  2 dart slugs (D:1)
  A leopard gecko (D:1)
  A ball python (D:1)
  5 hobgoblins
  4 kobolds (D:1)
  5 bats (D:1)
  3 frilled lizards
  7 goblins
  6 rats (D:1)
35 creatures vanquished.

Notes
Turn   | Place    | Note
-------+----------+-------------------------------------------
     0 | D:1      | Mirvelgyr the Deep Dwarf Fighter began the quest for the Orb.
     0 | D:1      | Reached XP level 1. HP: 20/20 MP: 1/1
   128 | D:1      | Reached XP level 2. HP: 22/27 MP: 2/2
   551 | D:1      | Reached XP level 3. HP: 23/34 MP: 3/3
  1207 | D:2      | Noticed Robin
  1229 | D:2      | Succumbed to Robin's poison

Vault maps used:
D:1:      tarquinn_simple_flora_water_d, nrook_mini_vaults, roderic_lattice_a,
          hangedman_decor_lopped, minmay_pentomino_p2
D:2:      nrook_mini_backslash, lemuel_statue_altar, uniq_robin

Skill      XL: |  1  2  3 |
---------------+----------+-----
Fighting       | 3 |  3.0
Axes           | 3 |  3.2
Armour         | |  3.7
Shields        | |  3.6

Action                   || total
-------------------------++-------
Melee: War axe           ||   109
 Abil: Heal Wounds       ||     1
  Eat: Chunk             ||     1
Armor: Scale mail        ||    65
Dodge: Dodged            ||    40
Block: Shield            ||    76

Table legend:
 A = Spawn XP
 B = Non-spawn XP
 C = Spawn XP percentage of total XP
 D = Spawn monster count
 E = Non-spawn monster count
 F = Spawn count percentage of total count
 G = Total turns spent on level
                    A         B        C        D         E        F      G
               +---------+---------+-------+---------+---------+-------+---------
         Total |       0 |      69 |   0.0 |       0 |      35 |   0.0 |  1229
               +---------+---------+-------+---------+---------+-------+---------
           D:1 |       0 |      41 |   0.0 |       0 |      26 |   0.0 |   905
           D:2 |       0 |      28 |   0.0 |       0 |       9 |   0.0 |   324
               +---------+---------+-------+---------+---------+-------+---------
